Map: Thunderbird LE

Players

Bral - Winner!

  • Race: Terran Terran
  • League: Diamond
  • Spawn Location: 11:00

Smeeeger

  • Race: Zerg Zerg
  • League: Platinum
  • Spawn Location: 5:00

VOD

Have the link to the VOD?

Description

Time

  • Played on: July 21, 2019, 4:31 p.m.
  • Length: 11:25
Show
View Real Time Build Order
Export as new Build Order

Bral Terran - Winner!

Build Orders:  

Get SALT Encoding   

  12  0:01  SCV  
  13  0:13  SCV  
  14  0:17  Supply Depot  
  14  0:26  SCV  
  15  0:40  Barracks  
  15  0:41  SCV  
  16  0:44  Refinery  
  16  0:53  SCV  
  17  0:59  Barracks  
  17  1:11  SCV  
  18  1:27  Orbital Command  
  18  1:28  Reaper  
  18  1:30  Supply Depot  
  19  1:46  Reaper  
  20  1:55  SCV  
  21  2:07  Command Center  
  21  2:10  Reaper  
  21  2:12  SCV  
  23  2:27  SCV  
  23  2:29  Refinery  
  24  2:31  Supply Depot, Reaper  
  25  2:40  SCV  
  25  2:43  Reaper  
  27  2:44  Engineering Bay  
  27  2:52  SCV  
  28  3:04  SCV  
  29  3:16  SCV  
  30  3:20  SCV  
  30  3:27  Reaper x2  
  33  3:28  SCV  
  35  3:36  Orbital Command  
  35  3:40  SCV  
  35  3:41  Terran Infantry Weapons Level 1  
  35  3:48  Command Center  
  35  3:52  SCV  
  36  3:59  Reaper  
  36  4:01  SCV  
  38  4:04  SCV  
  38  4:13  SCV  
  38  4:17  Reaper, SCV  
  41  4:24  Barracks  
  41  4:25  Barracks, SCV  
  41  4:26  Factory  
  41  4:27  Supply Depot  
  41  4:31  Reaper  
  43  4:35  Supply Depot  
  40  4:42  SCV  
  41  4:49  Supply Depot  
  41  4:53  SCV  
  41  4:55  SCV  
  43  5:06  SCV  
  44  5:07  SCV  
  45  5:18  SCV  
  45  5:19  Supply Depot, SCV  
  47  5:23  Barracks  
  45  5:41  SCV  
  45  5:45  Supply Depot, SCV  
  46  5:51  Orbital Command  
  46  5:53  SCV  
  47  6:03  SCV  
  48  6:04  Terran Infantry Armor Level 1  
  48  6:06  Supply Depot, Factory Tech Lab  
  48  6:07  Starport, Barracks Tech Lab x2  
  48  6:08  Marine  
  48  6:09  Reaper, SCV  
  51  6:15  SCV  
  51  6:17  SCV  
  53  6:21  SCV  
  54  6:26  Marine  
  54  6:27  SCV  
  56  6:35  SCV  
  56  6:39  Siege Tank, Refinery x2, SCV  
  61  6:40  Stimpack, Combat Shield, Marine  
  61  6:41  Marine x2  
  61  6:44  SCV  
  61  6:46  Refinery  
  65  6:47  Refinery  
  65  6:53  Supply Depot  
  65  6:58  Marine  
  66  7:01  Barracks  
  66  7:02  SCV  
  66  7:04  Supply Depot, Barracks  
  67  7:10  SCV  
  67  7:19  Marine x4  
  70  7:27  Supply Depot, SCV  
  70  7:29  SCV  
  72  7:31  Missile Turret  
  72  7:33  SCV  
  73  7:37  Missile Turret  
  73  7:42  Missile Turret  
  73  7:44  Marine x2  
  73  7:45  Marine x2  
  73  7:46  Siege Tank  
  73  7:47  Starport Reactor  
  73  7:51  Marine x2  
  80  8:02  Marine x2  
  80  8:08  Marine x3  
  80  8:09  Marine  
  77  8:15  SCV  
  77  8:17  SCV  
  79  8:20  Marine x2  
  79  8:26  Marine x4  
  84  8:27  SCV  
  85  8:38  Marine  
  85  8:39  SCV  
  86  8:42  Marine  
  86  8:43  Siege Tank, Medivac x2  
  86  8:44  Marine x2  
  86  8:46  Supply Depot  
  96  8:49  Barracks  
  96  8:51  Barracks x2  
  96  8:52  Barracks, Orbital Command  
  96  8:53  Command Center  
  96  8:54  Armory  
  96  8:56  Engineering Bay, SCV  
  91  9:26  SCV  
  91  9:27  SCV  
  89  9:39  SCV  
  90  9:47  Marine x2  
  90  9:49  Marine x4  
  96  9:53  SCV  
  97  10:00  Missile Turret  
  97  10:03  Sensor Tower  
  97  10:04  Barracks Tech Lab  
  97  10:05  Marine x2, Siege Tank, Concussive Shells  
  97  10:06  Marine, Barracks Tech Lab  
  97  10:07  Marine x3, Barracks Tech Lab, Barracks Reactor  
  103  10:09  Medivac x2  
  103  10:12  SCV  
  111  10:15  Refinery  
  111  10:16  Refinery  
  111  10:19  Missile Turret, Sensor Tower  
  111  10:21  Missile Turret  
  111  10:22  Marine  
  111  10:23  Marine  
  111  10:24  Marine x3, Missile Turret  
  111  10:27  Marauder  
  118  10:33  Missile Turret  
  118  10:34  SCV  
  119  10:38  Orbital Command  
  119  10:40  Marine x2  
  119  10:42  Siege Tank  
  124  10:43  Medivac x2  
Show
View Real Time Build Order
Export as new Build Order

Smeeeger Zerg 

Build Orders: Hatch First 

Get SALT Encoding   

  12  0:01  Drone  
  13  0:15  Overlord  
  13  0:19  Drone  
  14  0:33  Drone x2  
  16  0:38  Drone  
  17  0:48  Drone  
  18  1:03  Hatchery, Drone  
  18  1:05  Extractor  
  18  1:10  Drone  
  18  1:17  Spawning Pool  
  17  1:20  Drone  
  18  1:30  Drone  
  19  1:41  Overlord  
  19  2:05  Queen  
  19  2:07  Zergling x2  
  19  2:08  Zergling x2  
  23  2:15  Queen  
  25  2:16  Drone  
  26  2:23  Drone  
  26  2:29  Drone  
  28  2:30  Drone  
  28  2:34  Metabolic Boost  
  28  2:37  Drone  
  30  2:43  Drone  
  31  2:47  Zergling x2  
  31  2:48  Zergling x2  
  31  2:50  Queen  
  35  3:04  Drone  
  35  3:05  Overlord  
  36  3:11  Overlord x2  
  36  3:26  Queen  
  37  3:36  Drone x5  
  42  3:42  Zergling x4  
  43  3:59  Zergling x2  
  43  4:00  Zergling x8  
  45  4:11  Drone x2  
  47  4:23  Drone  
  47  4:24  Drone  
  49  4:26  Extractor x2  
  47  4:31  Roach Warren  
  47  4:32  Evolution Chamber  
  43  4:42  Drone x3  
  43  4:43  Drone x3  
  43  4:44  Drone  
  50  4:49  Queen  
  50  4:51  Lair  
  51  5:16  Zerg Missile Weapons Level 1  
  51  5:20  Roach Warren  
  50  5:22  Overlord x4  
  50  5:26  Drone x2  
  49  5:54  Glial Reconstitution  
  49  5:55  Roach x7  
  63  6:00  Hatchery  
  62  6:07  Drone x3  
  62  6:08  Overlord x2  
  62  6:10  Pneumatized Carapace  
  65  6:34  Extractor  
  64  6:42  Hatchery  
  64  6:46  Drone x5  
  64  6:47  Drone x6  
  70  6:51  Overseer  
  74  6:59  Roach x4  
  82  7:09  Roach  
  82  7:10  Roach  
  86  7:34  Roach x8  
  102  7:42  Zerg Missile Weapons Level 2  
  102  7:44  Drone x5  
  103  7:46  Extractor  
  103  7:47  Extractor  
  103  7:48  Spore Crawler x2  
  103  7:50  Spore Crawler, Drone  
  103  7:51  Drone  
  103  7:52  Drone  
  101  8:12  Roach x6  
  111  8:17  Overlord x2  
  111  8:18  Overlord x4  
  115  8:41  Roach x3  
  115  8:44  Overseer  
  115  8:46  Drone x3  
  115  8:48  Drone x3  
  123  8:55  Hydralisk Den  
  122  8:58  Evolution Chamber  
  122  9:00  Overlord x3  
  122  9:01  Hatchery  
  114  9:26  Muscular Augments  
  114  9:28  Zerg Ground Armor Level 1  
  114  9:29  Roach x5  
  114  9:30  Roach x4  
  114  9:31  Drone, Roach x8  
  134  9:32  Queen  
  137  9:46  Drone x2  
  139  10:00  Infestation Pit  
  138  10:08  Overseer  
  138  10:09  Ravager  
  138  10:10  Ravager x3  
  138  10:12  Zergling x20  
  138  10:13  Nydus Network, Zergling x4  
  154  10:21  Drone x3  
  154  10:22  Drone x3  
  159  10:32  Hydralisk  
  159  10:33  Hydralisk x5  
  159  10:35  Hydralisk  
  167  11:00  Roach x7  
  167  11:02  Roach  
Tags
 
Add a new tag
Caveats
  • Supply blocks, unpowered buildings, or Contaminate may cause inaccurate times.
  • Supply counts are checked every 10 seconds.